 Dungeon Crawl Stone Soup version 0.30-a0-218-gedb9141078 (webtiles) character file.

Game seed: 5756844786475865390

4654 brightshaft the Nimble (level 10, -2/79 HPs)
             Began as a Gnoll Gladiator on Oct 6, 2022.
             Was an Elder of Lugonu.
             Slain by a wolf (12 damage)
             ... led by Grum
             ... on level 8 of the Dungeon.
             The game lasted 00:21:45 (7120 turns).

brightshaft the Nimble (Gnoll Gladiator)            Turns: 7120, Time: 00:21:45

Health: -2/79      AC:  0    Str: 15    XL:     10   Next: 43%
Magic:  18/18      EV: 19    Int:  7    God:    Lugonu [****..]
Gold:   82         SH:  0    Dex: 17    Spells: 12/19 levels left

rFire   . . .      SeeInvis .      - Unarmed
rCold   . . .      Faith    .    (shield currently unavailable)
rNeg    . . .      Spirit   .    (body armour currently unavailable)
rPois   .          Reflect  .    (helmet currently unavailable)
rElec   .          Harm     .    (cloak currently unavailable)
rCorr   .          Rampage  .    (gloves currently unavailable)
Will    .....                    (boots currently unavailable)
Stlth   +++.......               (no amulet)
HPRegen 0.33/turn                (ring currently unavailable)
MPRegen 0.16/turn                (ring currently unavailable)

@: pig-form (expiring), very quick
A: fast, no casting, small, (fangs 1), strong nose, distributed training
a: Renounce Religion, Depart the Abyss, Bend Space, Banish, Corrupt


You were on level 8 of the Dungeon.
You worshipped Lugonu.
Lugonu was greatly pleased with you.
You were a filthy swine.
You visited 1 branch of the dungeon, and saw 8 of its levels.

You collected 545 gold pieces.
You spent 463 gold pieces at shops.

Inventory:

Hand Weapons
 a - a +3 quarterstaff of chaos
 b - the +7 shortbow of Destiny (melded) {flame, rPois}
   (You bought it in a shop on level 5 of the Dungeon)

   Any ammunition fired from it burns those it strikes, dealing additional fire
   damage.
   rPois:     It protects you from poison.
 z - a +0 long sword
 F - a +0 longbow
Missiles
 d - 3 throwing nets (quivered)
 e - a javelin
 x - 6 boomerangs
 B - 10 poisoned darts
 K - 6 atropa-tipped darts
Armour
 c - a +0 helmet (melded)
 g - a +0 scale mail
 h - a +0 leather armour
 j - a +0 kite shield
 n - a +1 scale mail of fire resistance
 r - a +1 ring mail of willpower
 s - a scarf of invisibility
 A - a +2 cloak of poison resistance (melded)
 E - a +0 pair of boots (melded)
 I - +0 steam dragon scales (melded)
 L - the +0 pair of boots "Diquh" {rPois rN++ Str-5 Int+3}
   (You bought it in a shop on level 7 of the Dungeon)

   Str:       It affects your strength (-5).
   Int:       It affects your intelligence (+3).
   rPois:     It protects you from poison.
   rN:        It greatly protects you from negative energy.
 O - +0 acid dragon scales
Jewellery
 v - a ring of willpower
 y - a ring of ice
 G - a +4 ring of evasion (melded)
 H - a +6 ring of dexterity (melded)
Wands
 M - a wand of digging (3)
 N - a wand of charming (13)
 P - a wand of polymorph (7)
Scrolls
 p - a scroll of blinking
 u - 5 scrolls of poison
 C - 2 scrolls of teleportation {@r4}
 D - 2 scrolls of identify {@r1}
Potions
 f - 3 potions of curing {@q1}
 i - 4 potions of flight
 k - a potion of cancellation {unknown}
 l - 2 potions of lignification
 m - a potion of heal wounds {unknown}
 o - 2 potions of magic {unknown}
 q - a potion of degeneration {unknown}
 t - 2 potions of mutation {unknown}
 w - 3 potions of haste {unknown}
 J - 3 potions of ambrosia {unknown}


   Skills:
 + Level 7.2 Fighting
 + Level 5.4 Short Blades
 + Level 8.6 Long Blades
 + Level 5.4 Axes
 + Level 5.4 Maces & Flails
 + Level 5.4 Polearms
 + Level 5.4 Staves
 + Level 5.4 Ranged Weapons
 + Level 7.2 Throwing
 + Level 5.4 Armour
 + Level 8.6 Dodging
 + Level 5.4 Stealth
 + Level 5.4 Shields
 + Level 5.4 Unarmed Combat
 + Level 5.4 Spellcasting
 + Level 4.5 Conjurations
 + Level 4.5 Hexes
 + Level 4.5 Summonings
 + Level 4.5 Necromancy
 + Level 4.5 Translocations
 + Level 4.5 Transmutations
 + Level 4.5 Fire Magic
 + Level 4.5 Ice Magic
 + Level 4.5 Air Magic
 + Level 4.5 Earth Magic
 + Level 4.5 Poison Magic
 + Level 6.0 Invocations
 + Level 5.4 Evocations


You had 12 spell levels left.
You knew the following spells:

 Your Spells              Type           Power      Damage    Failure   Level
a - Call Imp              Summ           8%         N/A       6%          2
b - Ozocubu's Armour      Ice            8%         N/A       13%         3
c - Blink                 Tloc           16%        N/A       6%          2

Your spell library contained the following spells:

 Spells                   Type           Power      Damage    Failure   Level
 Magic Dart               Conj           32%        1d4       4%          1
 Momentum Strike          Conj/Tloc      16%        3d8       6%          2
 Sublimation of Blood     Necr           8%         N/A       6%          2
 Lesser Beckoning         Tloc           16%        N/A       13%         3
 Mephitic Cloud           Conj/Pois/Air  8%         N/A       13%         3
 Tukima's Dance           Hex            8%         N/A       13%         3
 Animate Armour           Summ/Erth      16%        N/A       38%         4
 Passage of Golubria      Tloc           8%         N/A       38%         4
 Petrify                  Tmut/Erth      8%         N/A       38%         4
 Blade Hands              Tmut           4%         N/A       75%         5
 Irradiate                Conj/Tmut      4%         3d13      75%         5
 Metabolic Englaciation   Hex/Ice        4%         N/A       75%         5
 Yara's Violent Unravell  Hex/Tmut       4%         3d4       75%         5
 Iron Shot                Conj/Erth      4%         9d2       100%        6
 Simulacrum               Ice/Necr       4%         N/A       100%        6
 Ozocubu's Refrigeration  Ice            4%         4d8       100%        7


Dungeon Overview and Level Annotations

Branches:
Dungeon (8/15)             Temple (0/1) D:6
   Lair: D:8-11

Altars:
Ashenzari
Dithmenos
Makhleb
Ru
Wu Jian
Yredelemnul
The Shining One
Lugonu

Shops:
D:5 (   D:7 *[

Annotations:
D:4 Duvessa
D:8 1 runed translucent door, Grum; HilariousDeathArtist's ghost, novice BaHu


Innate Abilities, Weirdness & Mutations

You are a filthy swine.
You move quickly.
Your equipment is almost entirely melded.
You are incapable of wielding weapons or throwing items.
You cannot cast spells.
((You have very sharp teeth.))
Your uncanny sense of smell can sniff out nearby items.
Your experience applies equally to all skills.


Message History

Grum grunts.
Grum completely misses you.
You miss the wolf.
The wolf is heavily wounded.
The wolf closely misses you. The wolf barely misses you.
Grum hits you from afar with a -1 spear.
The wolf completely misses you.
You barely miss the wolf.
The wolf is heavily wounded.
The wolf misses you. The wolf barely misses you. Grum misses you.
You hit the wolf but do no damage.
The wolf is heavily wounded.
The wolf bites you. The wolf completely misses you.
You miss the wolf.
The wolf is heavily wounded.
The wolf closely misses you. x2
Grum hits you from afar with a -1 spear.
The wolf bites you. The wolf closely misses you.
You hit the wolf.
The wolf is severely wounded.
The wolf bites you. The wolf closely misses you. The wight misses you.
Grum hits you from afar with a -1 spear!!
You are too injured to fight recklessly!
The wolf attacks as you move away! The wolf barely misses you.
The wolf bites you!
Your transformation is almost over.
The wolf bites you!
* * * LOW HITPOINT WARNING * * *
You see here a +0 war axe.
The wolf attacks as you move away! The wolf misses you.
The wolf barely misses you. The wolf attacks as you move away!
The wolf barely misses you. The wolf attacks as you move away!
The wolf closely misses you. The wolf attacks as you move away!
The wolf bites you.
* * * LOW HITPOINT WARNING * * *
The wolf attacks as you move away! The wolf bites you!
* * * LOW HITPOINT WARNING * * *
The wolf barely misses you. The wolf attacks as you move away!
The wolf bites you!
You die...

#.......#######.......#######
#.....zz.....................
#......g)....................
#.......n...............)....
#.........z..................
#........................)...
#########......##############
#..hh..# #...h..# #......#
#......#
#########......###### #####
#...................# #....
#...................# #....
#...................# #....
#...................# #....
#...................# #....


You could see Grum, a necrophage, 2 wolves and 3 wights.

Vanquished Creatures
  A two-headed ogre (D:8)
  Joseph (D:7)
  Maurice (D:8)
  Maggie (D:7)
  3 yaks (D:6)
  An acid dragon (D:8)
  2 black bears
  An orc warrior (D:7)
  A sky beast (D:6)
  A wolf (D:8)
  3 centaurs
  A phantom (D:3)
  A necrophage (D:6)
  3 scorpions
  2 bullfrogs
  8 wights (D:7)
  Dowan (D:4)
  3 killer bees
  A howler monkey (D:6)
  2 hounds
  4 orc priests
  A gnoll bouda (D:7)
  3 jellies
  Crazy Yiuf (D:2)
  3 iguanas
  4 orc wizards
  4 gnolls
  8 adders
  A shadow imp (D:6)
  6 white imps
  2 dart slugs
  28 orcs
  4 ball pythons
  5 endoplasms
  A giant cockroach (D:3)
  5 goblins
  15 hobgoblins
  11 kobolds
  5 quokkas
  4 bats
  4 frilled lizards
  2 rats (D:1)
159 creatures vanquished.

Vanquished Creatures (others)
  6 fungi (D:7)
  5 plants (D:7)
  2 withered plants (D:8)
13 creatures vanquished.

Grand Total: 172 creatures vanquished

Notes
Turn   | Place    | Note
-------+----------+-------------------------------------------
     0 | D:1      | brightshaft the Gnoll Gladiator began the quest for the
                  | Orb.
     0 | D:1      | Reached XP level 1. HP: 20/20 MP: 1/1
   103 | D:1      | Reached XP level 2. HP: 23/26 MP: 2/2
   555 | D:1      | Reached XP level 3. HP: 31/31 MP: 3/3
   983 | D:2      | Reached skill level 1 in Invocations
  1054 | D:1      | Reached skill level 1 in Short Blades
  1054 | D:1      | Reached skill level 1 in Axes
  1054 | D:1      | Reached skill level 1 in Maces & Flails
  1054 | D:1      | Reached skill level 1 in Polearms
  1054 | D:1      | Reached skill level 1 in Staves
  1054 | D:1      | Reached skill level 1 in Ranged Weapons
  1054 | D:1      | Reached skill level 1 in Armour
  1054 | D:1      | Reached skill level 1 in Stealth
  1054 | D:1      | Reached skill level 1 in Shields
  1054 | D:1      | Reached skill level 1 in Unarmed Combat
  1054 | D:1      | Reached skill level 1 in Spellcasting
  1054 | D:1      | Reached skill level 1 in Evocations
  1077 | D:2      | Reached XP level 4. HP: 35/38 MP: 5/5
  1178 | D:2      | Found a runed translucent door.
  1179 | D:2      | Noticed Crazy Yiuf
  1202 | D:2      | Found a faded altar of an unknown god.
  1211 | D:2      | Prayed at the altar of an unknown god.
  1211 | D:2      | Became a worshipper of Lugonu the Unformed
  1211 | D:2      | Reached * piety under Lugonu
  1211 | D:2      | Reached ** piety under Lugonu
  1240 | D:2      | Reached skill level 1 in Conjurations
  1240 | D:2      | Reached skill level 1 in Hexes
  1240 | D:2      | Reached skill level 1 in Summonings
  1240 | D:2      | Reached skill level 1 in Necromancy
  1240 | D:2      | Reached skill level 1 in Translocations
  1240 | D:2      | Reached skill level 1 in Transmutations
  1240 | D:2      | Reached skill level 1 in Fire Magic
  1240 | D:2      | Reached skill level 1 in Ice Magic
  1240 | D:2      | Reached skill level 1 in Air Magic
  1240 | D:2      | Reached skill level 1 in Earth Magic
  1240 | D:2      | Reached skill level 1 in Poison Magic
  1562 | D:2      | Killed Crazy Yiuf
  1686 | D:3      | Reached XP level 5. HP: 43/43 MP: 7/7
  2420 | D:3      | Found a burning altar of Makhleb.
  2449 | D:3      | Noticed a phantom
  2466 | D:3      | Killed a phantom
  2467 | D:3      | Reached XP level 6. HP: 38/50 MP: 8/8
  2470 | D:3      | Reached *** piety under Lugonu
  2557 | D:3      | Reached skill level 5 in Fighting
  2557 | D:3      | Reached skill level 5 in Throwing
  2828 | D:4      | Found a broken altar of Ashenzari.
  2896 | D:4      | Found a basalt altar of Yredelemnul.
  3117 | D:4      | Noticed Duvessa
  3259 | D:4      | Noticed Dowan
  3265 | D:4      | Killed Dowan
  3383 | D:5      | Entered Level 5 of the Dungeon
  3385 | D:5      | Identified the +1 dagger of Wielet {freeze, Fragile rElec
                  | rPois Dex+8}
  3570 | D:5      | Noticed a black bear
  3580 | D:5      | Killed a black bear
  3581 | D:5      | Reached XP level 7. HP: 53/56 MP: 10/10
  3878 | D:5      | Found Kumune's Antique Weapon Shop.
  3882 | D:5      | Bought a translucent shortbow for 216 gold pieces
  3882 | D:5      | Identified the +7 shortbow of Destiny {flame, rPois} (You
                  | bought it in a shop on level 5 of the Dungeon)
  4087 | D:6      | Noticed a yak
  4089 | D:6      | Reached XP level 8. HP: 63/63 MP: 12/12
  4089 | D:6      | Noticed a yak
  4089 | D:6      | Noticed a yak
  4098 | D:6      | Killed a yak
  4103 | D:6      | Killed a yak
  4107 | D:6      | Killed a yak
  4723 | D:6      | Found a sacrificial altar of Ru.
  4806 | D:6      | Found a staircase to the Ecumenical Temple.
  4933 | D:7      | Reached XP level 9. HP: 53/69 MP: 13/15
  5008 | D:7      | Noticed Maggie
  5289 | D:7      | Reached **** piety under Lugonu
  5295 | D:7      | Killed Maggie
  5408 | D:7      | Found Dorr's General Store.
  5733 | D:7      | Reached skill level 5 in Invocations
  5980 | D:7      | Noticed Joseph
  5996 | D:7      | Killed Joseph
  6345 | D:7      | Found a shadowy altar of Dithmenos.
  6386 | D:7      | Learned a level 2 spell: Call Imp
  6390 | D:7      | Learned a level 3 spell: Ozocubu's Armour
  6393 | D:7      | Learned a level 2 spell: Blink
  6417 | D:7      | Reached skill level 5 in Short Blades
  6417 | D:7      | Reached skill level 5 in Axes
  6417 | D:7      | Reached skill level 5 in Maces & Flails
  6417 | D:7      | Reached skill level 5 in Polearms
  6417 | D:7      | Reached skill level 5 in Staves
  6417 | D:7      | Reached skill level 5 in Ranged Weapons
  6417 | D:7      | Reached skill level 5 in Armour
  6417 | D:7      | Reached skill level 5 in Stealth
  6417 | D:7      | Reached skill level 5 in Shields
  6417 | D:7      | Reached skill level 5 in Unarmed Combat
  6417 | D:7      | Reached skill level 5 in Spellcasting
  6417 | D:7      | Reached skill level 5 in Evocations
  6417 | D:7      | Reached XP level 10. HP: 77/77 MP: 17/17
  6467 | D:7      | Found Leth's Antique Armour Boutique.
  6475 | D:7      | Bought a pair of ichor-stained boots for 247 gold pieces
  6475 | D:7      | Identified the +0 pair of boots "Diquh" {rPois rN++ Str-5
                  | Int+3} (You bought it in a shop on level 7 of the Dungeon)
  6658 | D:8      | Found a glowing golden altar of the Shining One.
  6723 | D:8      | Found an ornate altar of the Wu Jian Council.
  6765 | D:8      | Found a runed translucent door.
  6765 | D:8      | Noticed HilariousDeathArtist's ghost (novice BaHu)
  6789 | D:8      | Noticed a two-headed ogre
  6799 | D:8      | Killed a two-headed ogre
  6898 | D:8      | Noticed Maurice
  6921 | D:8      | Killed Maurice
  7099 | D:8      | Noticed Grum
  7120 | D:8      | Slain by a wolf

Illustrated notes

Levels and vault maps discovered:
D:1:      minmay_arrival_four_loops, layout_basic, serial_glass,
          glass_columns_b, glass_columns_a, glass_columns_b, glass_columns_a,
          glass_columns_b, glass_columns_b, minmay_pentomino_p4
D:2:      minmay_kobold_bridge, layout_rooms,
          chequers_ecumenical_altar_simple_redux, hangedman_decor_points,
          feat_on_display, uniq_crazy_yiuf_cottage
D:3:      layout_rooms, lightli_temple_of_fire, portal_sewer_entry_d
D:4:      layout_cave_pools, evilmike_ruin_ashenzari, overflow_temple_1_default,
          uniq_duvessa
D:5:      layout_rooms, serial_shops, shop
D:6:      layout_loops_ring, kennysheep_mini_moat,
          minmay_temple_entry_enclosed_plants, grunt_ministairs_1,
          hangedman_decor_lopped, st_stairs_7
D:7:      layout_cave_pools, mainiacjoe_overflow_boulevard, serial_shops,
          nicolae_shop_behind_doors, kennysheep_little_box, uniq_maggie,
          uniq_joseph
D:8:      layout_gridville, zin_academy, lemuel_tele_altar,
          mainiacjoe_overflow_catwalk, gammafunk_ghost_grave, uniq_grum,
          uniq_maurice

Skill      XL: |  1  2  3  4  5  6  7  8  9 10 |
---------------+-------------------------------+-----
Invocations    | 1 2 3 4 5 6 |  6.0
Short Blades   | 1 2 3 4 5 |  5.4
Axes           | 1 2 3 4 5 |  5.4
Maces & Flails | 1 2 3 4 5 |  5.4
Polearms       | 1 2 3 4 5 |  5.4
Staves         | 1 2 3 4 5 |  5.4
Ranged Weapons | 1 2 3 4 5 |  5.4
Armour         | 1 2 3 4 5 |  5.4
Stealth        | 1 2 3 4 5 |  5.4
Shields        | 1 2 3 4 5 |  5.4
Unarmed Combat | 1 2 3 4 5 |  5.4
Spellcasting   | 1 2 3 4 5 |  5.4
Evocations     | 1 2 3 4 5 |  5.4
Conjurations   | 1 2 3 4 |  4.5
Hexes          | 1 2 3 4 |  4.5
Summonings     | 1 2 3 4 |  4.5
Necromancy     | 1 2 3 4 |  4.5
Translocations | 1 2 3 4 |  4.5
Transmutations | 1 2 3 4 |  4.5
Fire Magic     | 1 2 3 4 |  4.5
Ice Magic      | 1 2 3 4 |  4.5
Air Magic      | 1 2 3 4 |  4.5
Earth Magic    | 1 2 3 4 |  4.5
Poison Magic   | 1 2 3 4 |  4.5
Fighting       | 5 6 7 |  7.2
Throwing       | 5 6 7 |  7.2
Long Blades    | 7 8 |  8.6
Dodging        | 7 8 |  8.6

Action                   |  1- 3 |  4- 6 |  7- 9 | 10-12 || total
-------------------------+-------+-------+-------+-------++-------
Melee: Long sword        |    34 |   109 |       |       ||   143
       Bite              |     4 |    20 |     3 |       ||    27
       Punch             |     1 |       |       |       ||     1
       Quarterstaff      |       |    13 |    31 |       ||    44
       Unarmed           |       |       |       |    17 ||    17
 Fire: Sling             |    58 |    65 |       |       ||   123
       Longbow           |       |    31 |       |       ||    31
       Shortbow          |       |       |   171 |    49 ||   220
Throw: Throwing net      |       |     1 |     1 |       ||     2
Invok: Bend Space        |       |     1 |     3 |       ||     4
  Use: Scroll            |       |     7 |     2 |     1 ||    10
       Potion            |       |     1 |       |       ||     1
 Stab: Held in net/web   |       |     1 |       |       ||     1
       Paralysed         |       |     2 |       |       ||     2
       Sleeping          |       |     1 |     2 |       ||     3
Armor: Leather armour    |     4 |       |       |       ||     4
       Scale mail        |    18 |     1 |       |       ||    19
       Ring mail         |       |   107 |    29 |       ||   136
       Steam dragon scal |       |       |    33 |     4 ||    37
       Skin              |       |       |       |     2 ||     2
Dodge: Dodged            |    56 |   170 |   126 |    45 ||   397
Block: Kite shield       |       |    47 |       |       ||    47

Table legend: (Time is in decaauts)
 A = Elapsed time spent in this place.
 B = Non-inter-level travel time spent in this place.
 C = Inter-level travel time spent in this place.
 D = Time resting spent in this place.
 E = Time spent auto-exploring this place.
 F = Levels seen in this place.
 G = Mean time per level.
                   A        B        C        D        E       F      G
               +--------+--------+--------+--------+--------+-----+--------+
         Total |   7303 |   6973 |    330 |      0 |   5112 |   8 |  912.9 |
       Dungeon |   7303 |   6973 |    330 |      0 |   5112 |   8 |  912.9 |
               +--------+--------+--------+--------+--------+-----+--------+

Top non-repeatable levels by time:
     D:6: 1899 daAuts
     D:4: 1119 daAuts
     D:1: 979 daAuts
     D:7: 848 daAuts
     D:2: 729 daAuts
     D:3: 665 daAuts
     D:5: 567 daAuts
     D:8: 494 daAuts
